 Dungeon Crawl Stone Soup version 0.28.0-53-g5a82cb258f (console) character file.

Game seed: 13385802711475377406

1678 Banquo the Cleaver (level 9, -13/52 HPs)
             Began as a Gargoyle Fighter on Aug 1, 2022.
             Killed from afar by a steam dragon (14 damage)
             ... with a ball of steam
             ... on level 6 of the Dungeon.
             The game lasted 00:23:03 (7155 turns).

Banquo the Cleaver (Gargoyle Fighter)               Turns: 7155, Time: 00:23:04

Health: -13/52     AC: 25    Str: 19    XL:     9   Next: 1%
Magic:  9/9        EV:  5    Int: 10    God:
Gold:   267        SH:  5    Dex: 13    Spells: 8/8 levels left

rFire   . . .      SeeInvis .   a - +0 war axe
rCold   . . .      Faith    .   i - +0 buckler
rNeg    + + .      Spirit   .   e - +1 plate armour
rPois   ∞          Reflect  .   d - +0 helmet
rElec   +          Harm     .   k - +0 cloak
rCorr   .          Rampage  .   g - +2 pair of gloves of the Crypt {rN+}
Will    .....                   (no boots)
Stlth   ..........              (no amulet)
HPRegen 0.17/turn               o - ring of flight
MPRegen 0.11/turn               (no ring)

@: flying
A: sickness immunity, AC +6, negative energy resistance 1, electricity
resistance, torment resistance 1, petrification resistance
a: no special abilities


You were on level 6 of the Dungeon.
You visited 1 branch of the dungeon, and saw 6 of its levels.
You also visited: Sewer.

You collected 267 gold pieces.

Inventory:

Hand Weapons
 a - a +0 war axe (weapon)
Missiles
 m - 86 stones (quivered)
 y - 3 silver boomerangs
Armour
 b - a +0 scale mail
 d - a +0 helmet (worn)
 e - a +1 plate armour (worn)
 g - the +2 pair of gloves of the Crypt (worn) {rN+}
   (You found it on level 5 of the Dungeon)

   rN:        It protects you from negative energy.
 i - a +0 buckler (worn)
 k - a +0 cloak (worn)
Jewellery
 o - a ring of flight (left hand)
 A - a ring of ice
Wands
 l - a wand of mindburst (7)
 p - a wand of flame (57)
 B - a wand of iceblast (7)
 D - a wand of digging (5)
Scrolls
 c - a scroll of silence {unknown}
 f - 2 scrolls of noise
 n - 3 scrolls of teleportation
 s - 3 scrolls of amnesia
 u - a scroll of magic mapping {unknown}
Potions
 h - a potion of might
 j - 2 potions of lignification {unknown}
 q - a potion of curing {unknown}
 r - 6 potions of flight
 t - 2 potions of mutation {unknown}
 v - a potion of resistance {unknown}
 w - 2 potions of attraction {unknown}
 x - a potion of berserk rage {unknown}
 z - a potion of heal wounds


   Skills:
 * Level 3.7 Fighting
 * Level 9.3 Axes
 * Level 5.6 Armour
 * Level 1.0 Dodging
 * Level 3.7 Shields


You had 8 spell levels left.
You didn't know any spells.
Your spell library contained the following spells:

 Spells                   Type           Power      Damage    Failure   Level
 Apportation              Tloc           0%         N/A       100%        1
 Foxfire                  Conj/Fire      0%         2x1d4     100%        1
 Shock                    Conj/Air       0%         1d3       100%        1
 Ensorcelled Hibernation  Hex/Ice        0%         N/A       100%        2
 Scorch                   Fire           0%         2d5       100%        2
 Conjure Flame            Conj/Fire      0%         6-21      100%        3
 Inner Flame              Hex/Fire       0%         N/A       100%        3
 Spider Form              Tmut/Pois      0%         N/A       100%        3
 Swiftness                Air            0%         N/A       100%        3
 Airstrike                Air            0%         N/A       100%        4
 Anguish                  Hex/Necr       0%         N/A       100%        4
 Flame Wave               Conj/Fire      0%         2d4       100%        4
 Alistair's Intoxication  Tmut/Pois      0%         N/A       100%        5
 Summon Cactus Giant      Summ           0%         N/A       100%        6


Dungeon Overview and Level Annotations

Branches:
Dungeon (6/15)              Sewer (visited)
 Temple: D:4-7

Altars:
Uskayaw
Zin

Annotations:
D:3 Natasha, Sigmund


Innate Abilities, Weirdness & Mutations

You are immune to sickness and miasma.
Your stone body is resilient. (AC +6)
You are immune to poison.
You resist negative energy. (rN+)
You are resistant to electric shocks. (rElec)
You are resistant to unholy torment.
You are immune to petrification.


Message History

The steam dragon barely misses you.
You closely miss the steam dragon.
The steam dragon is moderately wounded.
The steam dragon breathes steam at you. The ball of steam hits you!
The steam dragon bites you but does no damage.
The steam dragon claws you but does no damage.
You barely miss the steam dragon.
The steam dragon is moderately wounded.
You block the steam dragon's attack. x2
You hit the steam dragon but do no damage.
The steam dragon is moderately wounded.
You are engulfed in a cloud of scalding steam.
The steam dragon barely misses you.
The steam dragon claws you but does no damage.
You slash the steam dragon!
The steam dragon is heavily wounded.
You are engulfed in a cloud of scalding steam.
The steam dragon bites you but does no damage.
The steam dragon claws you but does no damage.
You slash the steam dragon!
The steam dragon is almost dead.
The steam dragon breathes steam at you. The ball of steam misses you.
You hear a shout!
You barely miss the steam dragon.
The steam dragon is almost dead.
You are engulfed in a cloud of scalding steam.
The steam dragon bites you but does no damage.
The steam dragon completely misses you. The steam dragon breathes steam at you.
The ball of steam hits you!
* * * LOW HITPOINT WARNING * * *
You hear an angry hiss.
You closely miss the steam dragon.
The steam dragon is almost dead.
You are engulfed in a cloud of scalding steam.
The steam dragon breathes steam at you. The ball of steam hits you!
You die...

#### ##.......).#.#..#
#...########..... #...#
#####..# #...# #....... #...#
####.###..# .# #...#
#.........#
...#####...###.##.#..#.#
#.#..##.....§..........#..#.#
#.........>.@.§...........#..
#.....#.....D.§.§.♣♣.♣♣...###
#.......#####§§.♣..♣.♣..♣..#
#..... #...♣♣.....♣♣..## ...
#......._.......# #.#
#...♣♣.....♣♣.... #<#
#...♣..♣.♣..♣..##
#.##########.)...♣♣.♣♣...##
#.#.......###.#..........#


You could see a steam dragon (catching breath).

Vanquished Creatures
  Menkaure (D:4)
  A sky beast (D:4)
  A black bear (D:6)
  3 necrophages
  An ogre (D:5)
  2 phantoms
  Blork the orc (D:6)
  A water moccasin skeleton (D:5)
  A jelly (D:5)
  A bullfrog zombie (D:5)
  An orc priest (D:4)
  5 hounds
  Jessica (D:2)
  3 iguanas
  Ijyb (D:4)
  Natasha (twice) (D:3)
  An orc wizard (D:6)
  A hound skeleton (D:5)
  A gnoll (D:1)
  13 adders
  3 river rats (Sewer)
  A white imp (D:5)
  An adder skeleton (D:4)
  4 worms
  7 dart slugs
  15 orcs
  10 bats
  7 endoplasms
  7 giant cockroaches
  7 goblins
  3 hobgoblins
  7 jackals
  6 quokkas
  10 ball pythons
  7 frilled lizards
  3 kobolds
  4 rats
  A bush (D:2)
145 creatures vanquished.

Vanquished Creatures (others)
  11 plants
11 creatures vanquished.

Grand Total: 156 creatures vanquished

Notes
Turn   | Place    | Note
-------+----------+-------------------------------------------
     0 | D:1      | Banquo the Gargoyle Fighter began the quest for the Orb.
     0 | D:1      | Reached XP level 1. HP: 14/14 MP: 1/1
    43 | D:1      | Reached skill level 2 in Axes
   193 | D:1      | Reached XP level 2. HP: 19/19 MP: 2/2
   386 | D:1      | Reached XP level 3. HP: 20/23 MP: 3/3
   433 | D:1      | Reached skill level 3 in Axes
  1208 | D:2      | Noticed Jessica
  1225 | D:2      | Killed Jessica
  1226 | D:2      | Reached XP level 4. HP: 20/28 MP: 4/4
  1414 | D:2      | Found a faded altar of an unknown god.
  1626 | D:2      | You fall into a shaft and drop 2 floors!
  1779 | D:4      | Reached skill level 4 in Axes
  1986 | D:3      | Noticed Ijyb
  1987 | D:3      | Noticed Sigmund
  2014 | D:4      | Killed Ijyb
  2015 | D:4      | Reached XP level 5. HP: 21/32 MP: 5/5
  2262 | D:3      | Found a glowing drain.
  2389 | Sewer    | Entered a sewer
  2397 | Sewer    | Reached skill level 5 in Axes
  2609 | Sewer    | Reached XP level 6. HP: 37/37 MP: 6/6
  3494 | D:3      | Noticed Natasha
  3500 | D:3      | Killed Natasha
  3719 | D:3      | Noticed Natasha
  3733 | D:3      | Killed Natasha
  3984 | D:3      | Noticed Natasha
  4060 | D:4      | Found a hide-covered altar of Uskayaw.
  4072 | D:4      | Reached skill level 6 in Axes
  4270 | D:4      | Noticed a sky beast
  4314 | D:4      | Killed a sky beast
  4315 | D:4      | Reached XP level 7. HP: 36/41 MP: 7/7
  4580 | D:4      | Noticed Menkaure
  4589 | D:4      | Killed Menkaure
  4874 | D:5      | Entered Level 5 of the Dungeon
  4893 | D:4      | Reached skill level 7 in Axes
  5411 | D:5      | Reached XP level 8. HP: 38/46 MP: 8/8
  5601 | D:5      | Reached skill level 8 in Axes
  5735 | D:5      | Identified the +2 pair of gloves of the Crypt {rN+}
  5868 | D:5      | Reached skill level 5 in Armour
  6712 | D:6      | Found a glowing silver altar of Zin.
  6714 | D:6      | Noticed Blork the orc
  6739 | D:6      | Killed Blork the orc
  6795 | D:6      | Reached skill level 9 in Axes
  7063 | D:6      | Reached skill level 1 in Dodging
  7063 | D:6      | Reached XP level 9. HP: 52/52 MP: 9/9
  7154 | D:6      | HP: 1/52 [steam dragon/ball of steam (17)]
  7155 | D:6      | Killed from afar by a steam dragon

Illustrated notes

Levels and vault maps discovered:
D:1:      dpeg_arrival_houses_and_road, layout_rooms, serial_corexii_hall,
          corexii_hall_statues_deadend, chequers_hall_statues_wall_a,
          corexii_hall_statues_t, st_stairs_12, serial_park_tiny_1
D:2:      layout_loops_cross, serial_forest, infiniplex_forest_straight_3,
          infiniplex_forest_end_1, infiniplex_forest_corner_2,
          infiniplex_forest_clump_tiny, infiniplex_forest_straight_5,
          infiniplex_forest_straight_3, infiniplex_forest_clump_long,
          basic_ecumenical_altar, minmay_tall_x, uniq_jessica
D:3:      layout_loops_ring, gup_sewer_entry_glass, dk_noncrumbling_3,
          minmay_misc_feat_tiny, uniq_ijyb, uniq_sigmund, uniq_natasha
D:4:      layout_basic, mainiacjoe_overflow_catwalk, hangedman_decor_lopped,
          hangedman_decor_growths, uniq_menkaure
D:5:      layout_cave_pods
D:6:      layout_loops_cross, amcnicky_altar_gilded,
          mainiacjoe_overflow_small_starburst, gammafunk_ghost_nasty_kobolds,
          nicolae_grassy_gnolls, uniq_blork_the_orc

Skill      XL: |  1  2  3  4  5  6  7  8 |
---------------+-------------------------+-----
Axes           | 2 3 4 5 6 7 9 |  9.3
Armour         | 4 5 |  5.6
Dodging        | 1 |  1.0
Fighting       | |  3.7
Shields        | |  3.7

Action                   |  1- 3 |  4- 6 |  7- 9 || total
-------------------------+-------+-------+-------++-------
Melee: War axe           |   128 |   301 |   204 ||   633
  Use: Scroll            |       |       |     5 ||     5
Armor: Plate armour      |    88 |   237 |   148 ||   473
       Scale mail        |     8 |       |       ||     8
Dodge: Dodged            |    32 |    80 |    53 ||   165
Block: Buckler           |    32 |    52 |    43 ||   127
